 Dungeon Crawl Stone Soup version 0.18.1-8-gdd0e5ea (webtiles) character file.

284 juanjsm the Changer (level 6, 0/38 HPs)
             Began as an Octopode Transmuter on June 9, 2016.
             Slain by a mummy (12 damage)
             ... in an ossuary.
             The game lasted 00:10:09 (2569 turns).

juanjsm the Changer (Octopode Transmuter)           Turns: 2569, Time: 00:10:11

Health: 0/38       AC:  1    Str:  7 (10) XL:     6   Next: 29%
Magic:  7/9        EV: 12    Int: 14 (17) God:
Gold:   111        SH:  0    Dex: 11 (12) Spells: 3 memorised, 1 level left

rFire  x . .     SeeInvis .       - Unarmed
rCold  + . .     Gourm    .     (no shield)
rNeg   . . .     Faith    .     (helmet restricted)
rPois  .         Spirit   .     (no amulet)
rElec  .         Dismiss  .     d - ring of ice
rCorr  .         Reflect  .     (no ring)
SustAt .         Harm     .     (no ring)
MR     .....                    (no ring)
Stlth  +++.......               (no ring)
                                (no ring)
                                (no ring)
                                (no ring)

@: not resistant to hostile enchantments, fairly stealthy
A: almost no armour, amphibious, 8 rings, constrict 8, camouflage 1, gelatinous
body 1
a: no special abilities


You were in an ossuary.
You were not hungry.

You visited 1 branch of the dungeon, and saw 4 of its levels.
You also visited: Ossuary.

You collected 111 gold pieces.

Inventory:

Hand Weapons
 e - a +0 hunting sling
 l - a +0 short sword of speed
Missiles
 a - 29 arrows
Jewellery
 d - a ring of ice (left tentacle)
Scrolls
 g - a scroll of identify {unknown}
 i - a scroll of remove curse {unknown}
Potions
 j - 2 potions of cancellation
 n - a potion of degeneration
Books
 b - a book of Changes

   Spells                             Type                      Level
   a - Beastly Appendage              Transmutation                1
   b - Sticks to Snakes               Transmutation                2
   c - Spider Form                    Transmutation/Poison         3
   d - Ice Form                       Ice/Transmutation            4
   e - Blade Hands                    Transmutation                5
Comestibles
 c - a bread ration
 h - a royal jelly
 m - 2 meat rations


   Skills:
 - Level 1.1 Fighting
 + Level 2.4 Dodging
 + Level 1.3 Stealth
 + Level 3.5 Unarmed Combat
 - Level 2.1 Spellcasting
 * Level 5.5 Transmutations
 + Level 0.2 Ice Magic
 + Level 1.2 Poison Magic


You had one spell level left.
You knew the following spells:

 Your Spells              Type           Power        Failure   Level  Hunger
a - Beastly Appendage     Trmt           ###...       2%          1    #......
b - Spider Form           Trmt/Pois      ##........   21%         3    ###....
c - Ice Form              Ice/Trmt       ##......     82%         4    #####..


Dungeon Overview and Level Annotations

Branches:
Dungeon (4/15)
 Temple: D:4-7

Altars:
Ashenzari


Innate Abilities, Weirdness & Mutations

You cannot wear most types of armour.
You are amphibious.
You can wear up to eight rings at the same time.
You can use your tentacles to constrict eight enemies at once.
Your skin changes colour to match your surroundings (Stealth).
Your rubbery body absorbs attacks (AC +1).


Message History

Your magical effects are unravelling.
You feel magically purged. The kobold skeleton closely misses you.
The kobold skeleton misses you. The orc skeleton misses you.
Drink which item? (? for menu, Esc to quit)
It was a potion of degeneration.
There was something very wrong with that liquid.
You feel weakened.
You feel dopey.
You feel clumsy.
Your transformation has ended.
The kobold skeleton misses you. The mummy misses you.
Drink which item? (? for menu, Esc to quit)
It was a potion of curing.
You feel better. The kobold skeleton hits you.
The orc skeleton barely misses you. The kobold skeleton hits you.
The kobold skeleton completely misses you.
You barely miss the mummy. You grab the mummy.
The mummy is almost destroyed.
You constrict the mummy. The kobold skeleton barely misses you.
The orc skeleton closely misses you.
The kobold skeleton hits you but does no damage.
The mummy hits you!
You die... #...# +...+ #...# #...# #...# #.Z.# #ZZM#

#Z@.# #.Z.#
##'''##
##.....##
####.......###
#W▓...∩.∩...▓W
####.......###
##.....##
##...##


You could see a mummy, 4 kobold skeletons and an orc skeleton.

Vanquished Creatures
  Sigmund (D:3)
  Terence (D:2)
  4 adders (D:2)
  3 worms (D:2)
  A dart slug (D:2)
  A giant gecko (D:2)
  4 giant cockroaches
  6 hobgoblins
  4 kobolds
  2 quokkas (D:3)
  2 ball pythons
  9 bats
  2 giant newts (D:2)
  7 goblins
  2 kobold skeletons (Ossuary)
  2 orc skeletons (Ossuary)
  7 rats
58 creatures vanquished.

Notes
Turn   | Place    | Note
--------------------------------------------------------------
     0 | D:1      | juanjsm the Octopode Transmuter began the quest for the Orb.
     0 | D:1      | Reached XP level 1. HP: 13/13 MP: 3/3
   303 | D:1      | Reached XP level 2. HP: 16/18 MP: 5/5
   948 | D:1      | Reached XP level 3. HP: 19/23 MP: 3/6
   953 | D:1      | Learned a level 3 spell: Spider Form
  1280 | D:3      | HP: 1/23 [giant cockroach (1)]
  1673 | D:3      | Noticed Sigmund
  1686 | D:3      | Killed Sigmund
  1686 | D:3      | Reached skill level 5 in Transmutations
  1686 | D:3      | Reached skill level 1 in Poison Magic
  1686 | D:3      | Reached XP level 4. HP: 24/28 MP: 3/7
  1686 | D:3      | Reached XP level 5. HP: 29/33 MP: 3/8
  1699 | D:2      | Learned a level 4 spell: Ice Form
  1735 | D:2      | Noticed Terence
  1738 | D:2      | Found a shattered altar of Ashenzari.
  1744 | D:2      | Killed Terence
  1744 | D:2      | Reached skill level 1 in Stealth
  1747 | D:2      | Reached XP level 6. HP: 34/38 MP: 2/9
  2219 | D:4      | Found a sand-covered staircase.
  2228 | Ossuary  | Entered an ossuary
  2228 | Ossuary  | Noticed a wraith
  2228 | Ossuary  | Noticed a wraith
  2228 | Ossuary  | Noticed a wraith
  2569 | Ossuary  | Slain by a mummy

Skill      XL: |  1  2  3  4  5 |
---------------+----------------+-----
Transmutations | 5 |  5.5
Poison Magic   | 1 |  1.2
Stealth        | 1 |  1.3
Fighting       | |  1.1
Dodging        | |  2.4
Unarmed Combat | |  3.5
Spellcasting   | |  2.1
Ice Magic      | |  0.2

Action                   |  1- 3 |  4- 6 || total
-------------------------+-------+-------++-------
Melee: Unarmed           |    83 |    63 ||   146
       Constrict         |    16 |     7 ||    23
       Kick              |    10 |     1 ||    11
       Tentacles         |     3 |     2 ||     5
       Punch             |     2 |       ||     2
 Cast: Beastly Appendage |    20 |     6 ||    26
       Spider Form       |     3 |     3 ||     6
       Ice Form          |       |     1 ||     1
  Use: Potion            |       |     3 ||     3
 Stab: Distracted        |     1 |       ||     1
       Sleeping          |     9 |     1 ||    10
  Eat: Chunk             |     3 |     3 ||     6
       Beef jerky        |       |     1 ||     1
Armor: Skin              |     9 |    16 ||    25
Dodge: Dodged            |    49 |   104 ||   153
